 Dungeon Crawl Stone Soup version 0.31-a0-851-g7ff8af7976 (webtiles) character file.

Game seed: 2260931501392185839

3312586 Charly the Slayer (level 27, 164/164 HPs)
             Began as a Vine Stalker Brigand on Oct 7, 2023.
             Was an Initiate of Gozag.
             Escaped with the Orb
             ... and 5 runes!
             The game lasted 03:11:23 (65385 turns).

Charly the Slayer (Vine Stalker Brigand)           Turns: 65385, Time: 03:11:24

Health: 164/164    AC: 42    Str: 28    XL:     27
Magic:  34/34      EV: 29    Int: 19    God:    Gozag
Gold:   1356       SH: 28    Dex: 29    Spells: 56/56 levels left

rFire   + + .        b - +18 lance "Wyrmbane" {slay drac, rPois rF+ rC+ AC+3}
rCold   + + .        Z - +4 kite shield {rF+}
rNeg    . . .        s - +11 shadow dragon scales
rPois   +            E - +2 helmet of Suonuolo {Regen+ Int+10 Dex+3 Stlth-}
rElec   +            W - +1 cloak of Muoteelyat {Drain Str+4 SInv}
rCorr   .            S - +0 pair of gloves of the World {rElec rC+ Dex+4}
SInv    +            e - +0 pair of boots of Gasala {Rampage Drain Dex+2}
Will    ++++.        r - amulet of Byuvo {Reflect rElec Regen+ Str+4 Int-2 SH+5}
Stlth   +++          w - +4 ring of slaying
HPRegen 2.87/turn    x - ring of Amim {Fly Will+ EV+5 Slay+3}
MPRegen 0.24/turn

%: reflection, guardian spirit, rampage
@: flying, studying 3 skills, bribing [the Dungeon]
A: fangs 3, regeneration 1, magic shield, antimagic bite, no potion heal 2,
clumsy 1, low MP 2, weak 1, subdued magic 1, sturdy frame 1, noise suppression
0: Orb of Zot
}: 5/15 runes: serpentine, barnacled, slimy, silver, abyssal
a: Renounce Religion, Potion Petition, Call Merchant, Bribe Branch


You escaped.
You worshipped Gozag.
Gozag was most pleased with you.
You visited 12 branches of the dungeon, and saw 56 of its levels.
You visited the Abyss 1 time.
You also visited: Trove, Sewer, Bailey, Gauntlet and Wizlab.

You collected 35311 gold pieces.
You spent 13726 gold pieces at shops.
You paid 20229 gold pieces to Gozag.

Inventory:

Hand Weapons
 a - the +6 dagger of the Witching Vulture {speed, rCorr MP+9 Str+3}
   (You bought it in a shop on level 6 of the Dungeon)

   Str+3:     It affects your strength (+3).
   MP+9:      It affects your magic capacity (+9).
   rCorr:     It protects you from acid and corrosion.
 b - the +18 lance "Wyrmbane" (weapon) {slay drac, rPois rF+ rC+ AC+3}
   (You bought it in a shop on level 1 of the Lair of Beasts)

   AC+3:      It affects your AC (+3).
   rF+:       It protects you from fire.
   rC+:       It protects you from cold.
   rPois:     It protects you from poison
Missiles
 L - 4 throwing nets
Armour
 e - the +0 pair of boots of Gasala (worn) {Rampage Drain Dex+2}
   (You bought it in a shop on level 3 of the Vaults)

   Dex+2:     It affects your dexterity (+2).
   Drain:     It drains your maximum health when unequipped.
   Rampage:   It bestows one free step when moving towards enemies.
 s - +11 shadow dragon scales (worn)
 E - the +2 helmet of Suonuolo (worn) {Regen+ Int+10 Dex+3 Stlth-}
   (You bought it in a shop on level 7 of the Dungeon)

   Int+10:    It affects your intelligence (+10).
   Dex+3:     It affects your dexterity (+3).
   Regen+:    It increases your rate of health regeneration.
   Stlth-:    It makes you less stealthy.
 S - the +0 pair of gloves of the World (worn) {rElec rC+ Dex+4}
   (You bought it in a shop on level 1 of the Elven Halls)

   Dex+4:     It affects your dexterity (+4).
   rC+:       It protects you from cold.
   rElec:     It insulates you from electricity.
 W - the +1 cloak of Muoteelyat (worn) {Drain Str+4 SInv}
   (You found it on level 2 of the Vaults)

   Str+4:     It affects your strength (+4).
   SInv:      It lets you see invisible.
   Drain:     It drains your maximum health when unequipped.
 Z - a +4 kite shield of fire resistance (worn)
Jewellery
 f - the ring of Otohunn {rPois rF+ rC+ AC+4}
   (You found it in a Gauntlet)

   [ring of protection]

   AC+4:      It affects your AC (+4).
   rF+:       It protects you from fire.
   rC+:       It protects you from cold.
   rPois:     It protects you from poison
 m - the ring "Robb" {Will++ Dex+6 SInv}
   (You found it on level 5 of the Vaults)

   [ring of dexterity]

   Dex+6:     It affects your dexterity (+6).
   Will++:    It greatly increases your willpower.
   SInv:      It lets you see invisible.
 r - the amulet of Byuvo (around neck) {Reflect rElec Regen+ Str+4 Int-2 SH+5}
   (You bought it in a shop on level 4 of the Snake Pit)

   [amulet of reflection]

   Reflect:   It reflects blocked missile attacks.
   Str+4:     It affects your strength (+4).
   Int-2:     It affects your intelligence (-2).
   rElec:     It insulates you from electricity.
   Regen+:    It increases your rate of health regeneration.
   SH+5:      It affects your SH (+5).
 w - a +4 ring of slaying (left hand)
 x - the ring of Amim (right hand) {Fly Will+ EV+5 Slay+3}
   (You took it off a deep elf zephyrmancer on level 3 of the Elven Halls)

   [ring of evasion]

   EV+5:      It affects your evasion (+5).
   Slay+3:    It affects your accuracy & damage with ranged weapons and melee
   (+3).
   Will+:     It increases your willpower.
   Fly:       It grants you flight.
 z - the amulet of the Middle {rPois Regen+ rCorr}
   (You took it off a vault warden on level 5 of the Vaults)

   [amulet of regeneration]

   rPois:     It protects you from poison Regen+: It increases your rate of
   health regeneration.
   rCorr:     It protects you from acid and corrosion.
Wands
 d - a wand of roots (41)
 y - a wand of charming (63)
 G - a wand of digging (26)
 H - a wand of mindburst (42)
 P - a wand of light (54)
 T - a wand of polymorph (27)
Scrolls
 j - 5 scrolls of vulnerability
 l - 6 scrolls of immolation
 o - 3 scrolls of poison
 t - 31 scrolls of teleportation
 u - 24 scrolls of fog
 J - 12 scrolls of fear
 Q - 2 scrolls of butterflies
 R - 3 scrolls of revelation
 V - 7 scrolls of blinking
 Y - 3 scrolls of silence
Potions
 c - 2 potions of might
 h - 6 potions of magic
 i - 30 potions of curing
 k - 8 potions of lignification
 q - 5 potions of cancellation
 v - 6 potions of invisibility
 B - 4 potions of enlightenment
 D - 8 potions of mutation
 F - 11 potions of brilliance
 K - 5 potions of ambrosia
 M - 6 potions of resistance
 N - 7 potions of berserk rage
 X - 2 potions of haste
Miscellaneous
 g - a tin of tremorstones (1/2) (quivered)
 n - a lightning rod (4/4)
 p - a box of beasts
 A - a phial of floods
 O - a phantom mirror


   Skills:
 * Level 23.2 Fighting
 - Level 10.0 Short Blades
 - Level 12.0 Polearms
 - Level 1.7 Throwing
 + Level 15.4 Armour
 + Level 15.4 Dodging
 - Level 15.0 Stealth
 + Level 20.9 Shields
 + Level 15.3 Spellcasting
 + Level 19.2 Evocations


You had 56 spell levels left.
You didn't know any spells.
Your spell library contained the following spells:

 Spells                   Type           Power      Damage    Failure   Level
 Apportation              Tloc           22%        N/A       11%         1
 Freeze                   Ice            44%        1d6       11%         1
 Magic Dart               Conj           44%        1d5       11%         1
 Necrotise                Necr           44%        1d6       11%         1
 Sandblast                Erth           22%        2d7       11%         1
 Shock                    Conj/Air       44%        1d5       11%         1
 Slow                     Hex            44%        N/A       11%         1
 Summon Small Mammal      Summ           44%        N/A       11%         1
 Call Imp                 Summ           22%        N/A       16%         2
 Cigotuvi's Dreadful Rot  Necr/Pois/Air  22%        N/A       16%         2
 Ensorcelled Hibernation  Hex/Ice        22%        N/A       16%         2
 Lesser Beckoning         Tloc           22%        N/A       16%         2
 Momentum Strike          Conj/Tloc      22%        3d8       16%         2
 Passwall                 Tmut/Erth      9%         N/A       16%         2
 Poisonous Vapours        Pois/Air       22%        N/A       16%         2
 Scorch                   Fire           22%        2d5       16%         2
 Static Discharge         Conj/Air       22%        2-3/arc   16%         2
 Sublimation of Blood     Necr           11%        N/A       16%         2
 Wereblood                Tmut           11%        N/A       16%         2
 Call Canine Familiar     Summ           11%        N/A       32%         3
 Confusing Touch          Hex            11%        N/A       32%         3
 Frozen Ramparts          Ice            22%        1d4       32%         3
 Gell's Gravitas          Tloc           11%        N/A       32%         3
 Hailstorm                Conj/Ice       11%        3d5       32%         3
 Ignite Poison            Fire/Tmut/Pois 11%        N/A       32%         3
 Inner Flame              Hex/Fire       11%        N/A       32%         3
 Mephitic Cloud           Conj/Pois/Air  11%        N/A       32%         3
 Sigil of Binding         Hex            11%        N/A       32%         3
 Stone Arrow              Conj/Erth      22%        3d8       32%         3
 Swiftness                Air            11%        N/A       32%         3
 Teleport Other           Tloc           11%        N/A       32%         3
 Tukima's Dance           Hex            11%        N/A       32%         3
 Vampiric Draining        Necr           11%        2d6       32%         3
 Volatile Blastmotes      Fire/Tloc      22%        2d11      32%         3
 Airstrike                Air            5%         2d(1-17)  73%         4
 Animate Armour           Summ/Erth      22%        N/A       73%         4
 Brom's Barrelling Bould  Conj/Erth      11%        2d3       73%         4
 Cause Fear               Hex            5%         N/A       73%         4
 Dimensional Bullseye     Hex/Tloc       5%         N/A       73%         4
 Dispel Undead            Necr           11%        3d9       73%         4
 Flame Wave               Conj/Fire      11%        2d6       73%         4
 Fulminant Prism          Conj/Hex       5%         3d7       73%         4
 Iskenderun's Mystic Bla  Conj/Tloc      11%        2d4       73%         4
 Leda's Liquefaction      Hex/Erth       5%         N/A       73%         4
 Olgreb's Toxic Radiance  Pois           11%        N/A       73%         4
 Passage of Golubria      Tloc           11%        N/A       73%         4
 Petrify                  Tmut/Erth      11%        N/A       73%         4
 Sticky Flame             Conj/Fire      11%        2d3       73%         4
 Summon Ice Beast         Ice/Summ       11%        N/A       73%         4
 Summon Lightning Spire   Summ/Air       11%        N/A       73%         4
 Borgnjor's Vile Clutch   Necr/Erth      5%         N/A       97%         5
 Fireball                 Conj/Fire      5%         3d5       97%         5
 Freezing Cloud           Conj/Ice/Air   5%         6-21      97%         5
 Irradiate                Conj/Tmut      5%         3d13      97%         5
 Iskenderun's Battlesphe  Conj           11%        2d7       97%         5
 Lee's Rapid Deconstruct  Erth           5%         3d6*      97%         5
 Metabolic Englaciation   Hex/Ice        5%         N/A       97%         5
 Summon Forest            Summ/Tloc      5%         N/A       97%         5
 Summon Mana Viper        Hex/Summ       11%        N/A       97%         5
 Yara's Violent Unravell  Hex/Tmut       5%         3d4       97%         5
 Conjure Ball Lightning   Conj/Air       5%         3x3d6     100%        6
 Death Channel            Necr           5%         N/A       100%        6
 Starburst                Conj/Fire      5%         6d4       100%        6
 Summon Cactus Giant      Summ           5%         N/A       100%        6
 Haunt                    Necr/Summ      5%         N/A       100%        7
 Malign Gateway           Summ/Tloc      5%         N/A       100%        7
 Monstrous Menagerie      Summ           5%         N/A       100%        7
 Orb of Destruction       Conj           5%         9d5       100%        7
 Ozocubu's Refrigeration  Ice            5%         4d8       100%        7
 Summon Hydra             Summ           5%         N/A       100%        7
 Discord                  Hex            5%         N/A       100%        8
 Ignition                 Fire           5%         3d4       100%        8
 Infestation              Necr           5%         N/A       100%        8
 Summon Horrible Things   Summ           5%         N/A       100%        8
 Death's Door             Necr           5%         N/A       100%        9
 Dragon's Call            Summ           5%         N/A       100%        9
 Fire Storm               Conj/Fire      5%         8d2       100%        9
 Shatter                  Erth           5%         3d8*      100%        9
 Animate Dead             Necr           Unusable   N/A       N/A         4
 Simulacrum               Ice/Necr       Unusable   N/A       N/A         6

Dungeon Overview and Level Annotations

Branches:
Dungeon (15/15)            Temple (1/1) D:4            Lair (5/5) D:8
 Shoals (4/4) Lair:3        Snake (4/4) Lair:2        Slime (5/5) Lair:4
    Orc (2/2) D:10            Elf (3/3) Orc:2        Vaults (5/5) D:14
  Crypt (3/3) Vaults:3       Tomb (0/3) Crypt:3      Depths (4/4) D:15
    Zot (5/5) Depths:4      Sewer (visited)          Bailey (visited)
 WizLab (visited)         Gauntlet (visited)

Altars:
Ashenzari
Cheibriados
Dithmenos
Elyvilon
Fedhas
Gozag
Hepliaklqana
Kikubaaqudgha
Makhleb
Nemelex Xobeh
Okawaru
Qazlal
Ru
Sif Muna
Trog
Uskayaw
Vehumet
Wu Jian
Xom
Yredelemnul
Zin
The Shining One
Jiyva

Shops:
D:6 (   D:7 [[   D:14 [   Orc:2 !=*(?[   Elf:1 ?[   Elf:3 !   Lair:1 (
Lair:3 [   Shoals:1 =   Snake:4 =   Vaults:1 *   Vaults:3 [   Vaults:4 =
Vaults:5 ?   Crypt:2 ?   Depths:1 !   Depths:4 *

Portals:
Hell: Depths:1 Depths:2 Depths:3 Depths:4
Abyss: Depths:3 Depths:4
Pandemonium: Depths:2 Depths:4
Ziggurat: Depths:4


Innate Abilities, Weirdness & Mutations

You have razor-sharp teeth.
Your natural rate of healing is unusually fast.
When hurt, damage is shared between your health and your magic reserves.
Your bite disrupts and absorbs the magic of your enemies.
Potions cannot restore your health.
You are clumsy. (Dex -2)
Your magical capacity is very low. (-20% MP)
You are weak. (Str -2)
Your spells are a little easier to cast, but a little less powerful.
Your movements are slightly less encumbered by armour. (ER -2)
You passively dampen the noise of your surroundings.


Message History

The ufetubus disappears in a puff of smoke!
You spit the ufetubus like a pig!!!
You kill the ufetubus!
The ufetubus disappears in a puff of smoke!
Your demonspawn warmonger hits the ynoxinul from afar with a +0 glaive of venom!
The ynoxinul dies!
The ufetubus disappears in a puff of smoke!
No target in view!
You now have 1339 gold pieces (gained 6).
What level of the Dungeon? (default 1, ? - help)
There is a stone staircase leading up here.
You fly upwards.
An Orb Guardian comes into view.
There is a stone staircase leading down here.
An Orb Guardian is nearby!
You reach to attack!
You closely miss the Orb Guardian.
You reach to attack!
You impale the Orb Guardian!!
The Orb Guardian is moderately wounded.
Your demonspawn warmonger hits the Orb Guardian with a +0 glaive of venom.
The Orb Guardian is poisoned.
Your demonspawn warmonger claws the Orb Guardian.
Your demonspawn warmonger gores the Orb Guardian.
You hit the Orb Guardian. Your bite misses the Orb Guardian.
The Orb Guardian is heavily wounded.
The Orb Guardian hits you!
You puncture the Orb Guardian! Your bite misses the Orb Guardian.
The Orb Guardian is severely wounded.
Your demonspawn warmonger hits the Orb Guardian with a +0 glaive of venom.
The Orb Guardian looks as sick as possible!
Your demonspawn warmonger claws the Orb Guardian but does no damage.
Your demonspawn warmonger gores the Orb Guardian.
You strike the helpless Orb Guardian from behind!
You impale the Orb Guardian!!
You kill the Orb Guardian!
You now have 1356 gold pieces (gained 17).
Okay, then.
HP restored.
Magic restored.
There is a staircase leading out of the dungeon here.
You have escaped!

........#####.######.#
#############..#####.#
...................#.#
...#.#####.#####.#...#
...#.#...#.#...#.#...###
...###.###.###.###.#...#
...[..>#.....#>....#.#.#
...###.###.###.###.###.#
...#.#...#.#...#@#.....#
...#.#####.#####6#.>####
...#......>......#..#
...###.#######.###..#
.....#.#.....#.#....#
##.###.###.###.###..#
#.#..>..#.#..>..#..#
#.#.###.#.#.###.#..#
##.#.#.#.#.#.#.#.#..#


You could see a friendly demonspawn warmonger.

Vanquished Creatures
  the Royal Jelly (Slime:5)
  5 orbs of fire
  5 dread liches (Zot:5)
  8 ancient liches
  Mennas (Vaults:3)
  Vv (Depths:3)
  Boris (Vaults:4)
  3 Killer Klowns (Zot:5)
  Parghit (Zot:2)
  Margery (Vaults:3)
  Xtahua (Crypt:3)
  Vashnia (Snake:3)
  3 curse toes
  Bai Suzhen (Shoals:3)
  Frederick (Crypt:3)
  Saint Roka (Crypt:2)
  Nikola (Elf:1)
  10 golden dragons
  Jory (Vaults:4)
  A pandemonium lord (D:15)
  A bone dragon (Abyss:2)
  A Brimstone Fiend (Depths:3)
  2 electric golems (Zot:5)
  An Ice Fiend (D:15)
  Jorgrun (Shoals:1)
  29 Orb Guardians
  4 tentacled monstrosities
  3 quicksilver dragons
  The ghost of Dirtsage the Severer, an adept DsBe of Trog (Shoals:2)
  11 acid blobs
  2 titans
  5 deep elf blademasters
  A death cob (Zot:5)
  4 deep elf master archers (Elf:3)
  Polyphemus (Shoals:2)
  7 sphinxes
  8 ancient champions
  7 tengu reavers
  A thorn hunter (Abyss:3)
  6 shadow dragons
  3 revenants
  8 storm dragons
  Kirke (Shoals:2)
  6 nagarajas
  A storm dragon (shapeshifter) (Depths:3)
  A draconian knight (Depths:4)
  3 draconian monks
  7 azure jellies
  10 fire giants
  10 rockslimes
  15 frost giants
  19 vault wardens
  2 draconian scorchers (Zot:5)
  2 ghost moths
  6 iron dragons
  3 orc warlords
  3 deep elf sorcerers (Elf:3)
  A balrug (Depths:1)
  A draconian stormcaller (Depths:4)
  3 deep elf elementalists (Elf:3)
  8 ghouls
  2 curse skulls
  2 draconian annihilators (Zot:3)
  22 ironbound preservers
  12 very ugly things
  2 reapers
  13 war gargoyles
  4 formless jellyfish
  5 green draconians
  11 stone giants
  6 ironbound thunderhulks
  A quicksilver ooze (shapeshifter) (Vaults:2)
  10 quicksilver oozes
  2 juggernaut skeletons
  18 vampire knights
  2 deep elf demonologists (Elf:3)
  A lorocyproca (D:15)
  3 black draconians
  Nessos (Lair:5)
  2 red draconians (Depths:4)
  17 spark wasps
  4 purple draconians
  2 yellow draconians
  A white draconian (Zot:5)
  14 deep elf annihilators
  A minotaur (Gauntlet)
  7 starcursed masses
  8 eidola
  8 deep elf death magi
  3 dire elephants
  10 ettins
  15 merfolk impalers
  A bunyip (shapeshifter) (Depths:3)
  4 crystal guardians
  Snorg (Lair:5)
  6 merfolk javelineers
  15 jiangshi
  2 entropy weavers
  3 spriggan zombies
  2 shambling mangroves (Abyss:3)
  15 yaktaur captains
  6 ice dragons
  A great orb of eyes (shapeshifter) (Depths:3)
  6 hydras
  3 fire dragons
  8 deep elf high priests
  13 great orbs of eyes
  Erolcha (D:11)
  4 rakshasas
  5 spriggan air magi
  31 vault guards
  A fenstrider witch zombie (Crypt:3)
  3 merfolk avatars
  3 peacekeepers
  An Orb Guardian zombie (Crypt:1)
  12 anacondas
  2 ogre magi (Vaults:5)
  7 merfolk aquamancers
  2 alligator snapping turtles
  2 death knights
  An anaconda (shapeshifter) (Depths:1)
  A juggernaut simulacrum (Depths:3)
  2 catoblepae
  6 salamander tyrants
  5 death yaks
  9 centaur warriors
  6 ironbound frosthearts
  7 boulder beetles
  An azure jelly zombie (Crypt:1)
  A two-headed ogre (shapeshifter) (Vaults:5)
  3 satyrs
  10 two-headed ogres
  15 naga warriors
  9 tengu warriors
  11 vampire magi
  2 hell hogs (Depths:1)
  A death yak (shapeshifter) (Vaults:5)
  2 deep troll shamans
  4 spriggan berserkers
  31 dancing weapons
  5 deep troll earth magi
  A quicksilver ooze zombie (Crypt:3)
  3 thrashing horrors (Abyss:3)
  5 orc high priests
  4 soul eaters
  A titan zombie (Crypt:2)
  6 shock serpents
  A sun demon (Abyss:1)
  5 storm dragon zombies
  2 wretched stars
  Urug (Lair:1)
  23 naga sharpshooters
  19 deep elf knights
  A titan skeleton (Crypt:1)
  5 hell knights
  13 skeletal warriors
  4 iron trolls
  4 shadow wraiths
  3 skysharks
  51 deep trolls
  A bunyip zombie (Crypt:3)
  5 salamander mystics
  2 glowing orange brains (Slime:5)
  25 sea snakes
  3 flayed ghosts
  A death drake (Gauntlet)
  An orb spider (shapeshifter) (Vaults:4)
  11 naga ritualists
  An anaconda zombie (Crypt:3)
  6 deep elf archers
  21 orc knights
  19 phantasmal warriors
  22 ironbound convokers
  10 lindwurms
  A steelbarb worm (shapeshifter) (Depths:3)
  28 deep elf pyromancers
  9 necromancers
  28 harpies
  8 wizards
  A fenstrider witch simulacrum (Crypt:1)
  A spectral wolf spider (Gauntlet)
  2 bog bodies (Crypt:3)
  An anaconda skeleton (Crypt:2)
  15 mana vipers
  A goliath frog zombie (Crypt:2)
  7 orc sorcerers
  5 shining eyes
  An iron dragon zombie (Crypt:1)
  33 deep elf zephyrmancers
  An alligator zombie (Crypt:2)
  A shadow dragon skeleton (Crypt:1)
  23 salamanders
  4 worldbinders (Abyss:3)
  8 cyclopes
  9 large abominations
  10 fauns
  35 ugly things
  A goliath frog skeleton (Crypt:3)
  12 manticores
  A wolf spider (shapeshifter) (Vaults:5)
  7 moths of wrath
  50 black mambas
  2 naga zombies
  18 vault sentinels
  4 elephants
  2 rust devils
  10 guardian serpents
  12 naga magi
  An eye of devastation (Slime:4)
  A merfolk siren (Shoals:3)
  2 centaur zombies
  A gargoyle (D:11)
  2 centaur skeletons
  2 dire elephant zombies
  2 torpor snails
  4 smoke demons
  A titan simulacrum (Crypt:1)
  15 cane toads
  3 molten gargoyles (Lair:5)
  10 water nymphs
  27 yaktaurs
  A white draconian zombie (Crypt:3)
  A komodo dragon (Lair:5)
  8 rime drakes
  2 kobold demonologists (D:11)
  An unseen horror (shapeshifter) (D:15)
  A bunyip simulacrum (Crypt:3)
  An efreet (D:15)
  A dire elephant skeleton (Crypt:3)
  A red devil (D:9)
  A redback zombie (Gauntlet)
  4 freezing wraiths
  5 tengu conjurers
  19 merfolk
  A queen bee (Lair:4)
  2 trolls (shapeshifter)
  2 ancient zymes
  6 harpy zombies
  3 hellwings
  A polar bear (Lair:4)
  A wind drake (shapeshifter) (Depths:4)
  Prince Ribbit (D:7)
  2 meliai (Lair:4)
  9 wind drakes
  A polar bear (shapeshifter) (Elf:3)
  9 trolls
  A harpy skeleton (Crypt:3)
  23 blink frogs
  8 hornets
  7 snapping turtles
  4 raiju (Abyss:3)
  3 dream sheep (Lair:5)
  96 slime creatures
  A satyr zombie (Crypt:2)
  4 flying skulls (Crypt:1)
  Sigmund (D:2)
  A culicivora (Vaults:1)
  26 vampires
  2 black mamba zombies
  3 spriggans (Depths:1)
  A centaur simulacrum (D:11)
  42 water elementals
  7 wraiths
  A shadow (Abyss:2)
  13 air elementals
  A fire elemental (Elf:2)
  9 wyverns
  6 hogs (Shoals:2)
  15 basilisks
  A black mamba skeleton (Crypt:2)
  5 steam dragons
  52 yaks
  2 neqoxecs
  6 golden eyes
  3 redbacks
  9 vampire mosquitoes
  A chaos spawn (Depths:3)
  Menkaure (D:7)
  3 harpy simulacra (Crypt:1)
  47 nagas
  8 small abominations
  4 swamp worms (Gauntlet)
  4 wargs
  A two-headed ogre zombie (WizLab)
  A swamp worm (shapeshifter) (Depths:3)
  A cane toad zombie (Crypt:1)
  3 acid dragons
  A floating eye (Depths:2)
  6 hell hounds
  10 water moccasins
  2 naga skeletons (Crypt:1)
  Duvessa (D:6)
  10 black bears
  A demonspawn skeleton (Crypt:3)
  50 orc warriors
  2 sky beasts (D:6)
  8 ice beasts (D:8)
  An ettin simulacrum (Crypt:2)
  19 centaurs
  10 wolves
  6 boggarts
  8 ogres
  A lindwurm skeleton (Crypt:3)
  2 kobold brigands
  A komodo dragon zombie (Crypt:1)
  A gnoll sergeant (D:11)
  20 bullfrogs
  A komodo dragon skeleton (Crypt:1)
  2 necrophages
  3 earth elementals
  A scorpion (D:4)
  6 wights (WizLab)
  Dowan (D:6)
  5 troll zombies (WizLab)
  A spriggan skeleton (Crypt:3)
  34 killer bees
  2 electric eels
  A warg skeleton (Crypt:2)
  9 howler monkeys
  12 lava snakes
  A quasit (Abyss:1)
  3 hounds
  A human zombie (Crypt:1)
  21 orc priests
  A gnoll bouda (D:6)
  A basilisk zombie (Crypt:3)
  An iron imp (Abyss:2)
  Jessica (D:2)
  An iguana (D:6)
  Terence (D:3)
  3 sleepcaps
  26 orc wizards
  8 hell rats
  8 ogre zombies (WizLab)
  A hound zombie (Crypt:3)
  14 gnolls
  5 river rats
  A river rat (shapeshifter) (Vaults:2)
  A steam dragon zombie (Crypt:1)
  16 adders
  A white imp (Abyss:1)
  3 ufetubi
  An iguana zombie (Crypt:2)
  5 worms
  3 dart slugs
  90 orcs
  A bat skeleton (Crypt:2)
  9 endoplasms
  5 giant cockroaches
  11 goblins
  5 hobgoblins
  8 jackals
  8 quokkas
  18 ball pythons
  2 bats (D:1)
  6 frilled lizards
  A frilled lizard zombie (Crypt:2)
  A jackal zombie (Crypt:2)
  26 kobolds
  24 rats
  A rat skeleton (Crypt:2)
  A lurking horror (Abyss:3)
2554 creatures vanquished.

Vanquished Creatures (collateral kills)
  A reaper (D:3)
  A vault guard (Vaults:5)
  2 naga sharpshooters
  A hell knight (Vaults:5)
  A shock serpent (Snake:3)
  A naga ritualist (Snake:4)
  A phantasmal warrior (Vaults:5)
  2 orc knights (Orc:1)
  An ugly thing (D:11)
  A guardian serpent (Snake:4)
  A troll (D:11)
  3 dream sheep (Lair:5)
  A slime creature (D:14)
  A ynoxinul (D:2)
  A wyvern (Lair:4)
  2 nagas (Snake:4)
  2 orc warriors
  A scorpion (D:7)
  3 lava snakes (Snake:2)
  2 adders (Sewer)
  An orc (D:7)
  A frilled lizard (Sewer)
31 creatures vanquished.

Vanquished Creatures (others)
  A naga sharpshooter (Snake:4)
  A sun demon (D:7)
  A shock serpent (Snake:4)
  2 wizards
  A komodo dragon (Lair:5)
  A meliai (Lair:4)
  A water elemental (Shoals:3)
  2 wyverns
  A naga (Snake:4)
11 creatures vanquished.

Grand Total: 2596 creatures vanquished

Notes
Turn   | Place    | Note
-------+----------+-------------------------------------------
     0 | D:1      | Charly the Vine Stalker Brigand began the quest for the
                  | Orb.
     0 | D:1      | Reached XP level 1. HP: 11/11 MP: 2/2
   313 | D:1      | Reached skill level 2 in Fighting
   313 | D:1      | Reached skill level 5 in Stealth
   361 | D:1      | Reached XP level 2. HP: 15/15 MP: 3/3
   734 | D:2      | Reached XP level 3. HP: 19/19 MP: 4/4
   974 | D:2      | Noticed Jessica
   983 | D:2      | Killed Jessica
   984 | D:2      | Reached XP level 4. HP: 23/23 MP: 5/5
  1075 | D:2      | Found a sparkling altar of Nemelex Xobeh.
  1106 | D:2      | Noticed Sigmund
  1116 | D:2      | Killed Sigmund
  1117 | D:2      | Reached skill level 3 in Fighting
  1117 | D:2      | Reached XP level 5. HP: 28/28 MP: 6/6
  1117 | D:2      | Reached XP level 6. HP: 32/32 MP: 7/7
  1868 | D:3      | Found a glowing drain.
  1872 | Sewer    | Entered a sewer
  2257 | Sewer    | Reached skill level 1 in Evocations
  2257 | Sewer    | Reached XP level 7. HP: 34/37 MP: 4/8
  2314 | Sewer    | Reached skill level 4 in Fighting
  2622 | D:3      | Noticed Terence
  2660 | D:3      | Killed Terence
  4252 | D:4      | Found a staircase to the Ecumenical Temple.
  4281 | Temple   | Entered the Ecumenical Temple
  4326 | Temple   | Became a worshipper of Gozag Ym Sagoz the Greedy
  4453 | D:4      | You fall into a shaft and drop 3 floors!
  4459 | D:7      | Found Obicytah's Armour Shop.
  4473 | D:7      | Noticed Prince Ribbit
  4492 | D:7      | Gained mutation: You have razor-sharp teeth. [Vine Stalker
                  | growth]
  4492 | D:7      | Reached XP level 8. HP: 42/42 MP: 9/9
  4505 | D:7      | Reached skill level 5 in Short Blades
  4552 | D:7      | Killed Prince Ribbit
  4635 | D:7      | Found a snail-covered altar of Cheibriados.
  4635 | D:7      | Found Cheibriados's Comfort Zone.
  4651 | D:7      | Found a white marble altar of Elyvilon.
  4673 | D:7      | Noticed Menkaure
  4857 | D:7      | Found a flagged portal.
  4886 | Bailey   | Entered a bailey
  5113 | Bailey   | Reached skill level 5 in Fighting
  5119 | Bailey   | Reached XP level 9. HP: 42/47 MP: 8/10
  5415 | D:7      | Bought the +2 helmet of Suonuolo {Regen+ Int+10 Dex+3
                  | Stlth-} for 663 gold pieces
  5438 | D:6      | Reached skill level 5 in Evocations
  5448 | D:6      | Found Celuetal's Antique Weapon Emporium.
  5464 | D:5      | Entered Level 5 of the Dungeon
  5759 | D:4      | Identified the ring "Galiusus" {rF+ Will+ Str+2}
  6402 | D:6      | Bought a warped dagger for 182 gold pieces
  6402 | D:6      | Identified the +6 dagger of the Witching Vulture {speed,
                  | rCorr MP+9 Str+3} (You bought it in a shop on level 6 of
                  | the Dungeon)
  6565 | D:6      | Reached skill level 1 in Spellcasting
  6708 | D:6      | Noticed Duvessa
  6708 | D:6      | Noticed Dowan
  6722 | D:6      | Killed Duvessa
  6726 | D:6      | Killed Dowan
  7211 | D:7      | Reached XP level 10. HP: 53/53 MP: 14/14
  7334 | D:7      | Reached skill level 6 in Fighting
  7481 | D:7      | Killed Menkaure
  7518 | D:7      | Bought a +2 cloak of willpower for 301 gold pieces
  7845 | D:8      | Reached skill level 10 in Stealth
  7919 | D:8      | Found a staircase to the Lair.
  8031 | D:8      | Noticed a two-headed ogre
  8059 | D:8      | Killed a two-headed ogre
  8753 | D:9      | Reached XP level 11. HP: 58/58 MP: 18/18
  9597 | D:6      | Bought a runed short sword for 156 gold pieces
  9704 | D:10     | Entered Level 10 of the Dungeon
  9836 | D:10     | Reached skill level 7 in Fighting
  9861 | D:10     | Found a shimmering altar of Xom.
  9982 | D:10     | Found a staircase to the Orcish Mines.
 10047 | D:10     | Found a sacrificial altar of Ru.
 10756 | Lair:1   | Entered Level 1 of the Lair of Beasts
 10805 | Lair:1   | Noticed Urug
 10822 | Lair:1   | Reached skill level 10 in Short Blades
 10824 | Lair:1   | Killed Urug
 11154 | Lair:1   | Reached skill level 8 in Fighting
 11799 | Lair:2   | Noticed a six-headed hydra
 11820 | Lair:2   | Killed a six-headed hydra
 11821 | Lair:2   | Reached XP level 12. HP: 65/65 MP: 19/19
 12043 | Lair:2   | Reached skill level 5 in Spellcasting
 12295 | Lair:2   | Found a staircase to the Snake Pit.
 12467 | Lair:2   | Reached skill level 9 in Fighting
 12886 | Lair:3   | Reached skill level 1 in Dodging
 13001 | Lair:3   | Reached skill level 1 in Armour
 13117 | Lair:3   | Found a staircase to the Shoals.
 13131 | Lair:3   | Noticed a skyshark
 13145 | Lair:3   | Killed a skyshark
 13323 | Lair:3   | Reached XP level 13. HP: 71/71 MP: 22/22
 13548 | Lair:3   | Reached skill level 10 in Fighting
 15044 | Lair:4   | Found a staircase to the Slime Pits.
 15044 | Lair:4   | Found a viscous altar of Jiyva.
 15506 | Lair:4   | Got a faded book
 15766 | Lair:5   | Entered Level 5 of the Lair of Beasts
 15815 | Lair:5   | Found a gate leading to a gauntlet.
 15871 | Gauntlet | Entered a Gauntlet
 15871 | Gauntlet | Found a transporter.
 15878 | Gauntlet | Found a transporter.
 15880 | Gauntlet | Found a transporter.
 15890 | Gauntlet | Found a runed translucent gate.
 15891 | Gauntlet | Found a runed translucent gate.
 15891 | Gauntlet | Found a transporter.
 15894 | Gauntlet | Found a transporter.
 15903 | Gauntlet | Found a transporter.
 15916 | Gauntlet | Found a runed translucent door.
 15920 | Gauntlet | Found a transporter.
 15930 | Gauntlet | Found a transporter.
 15937 | Gauntlet | Noticed a green death
 15938 | Gauntlet | Found a runed translucent door.
 15941 | Gauntlet | Found a transporter.
 15942 | Gauntlet | Found a runed translucent door.
 15955 | Gauntlet | Found a transporter.
 15970 | Gauntlet | Found a transporter.
 15971 | Gauntlet | Found a transporter.
 16013 | Gauntlet | Found a transporter.
 16027 | Gauntlet | Found a transporter.
 16037 | Gauntlet | Found a runed translucent gate.
 16159 | Gauntlet | Reached skill level 11 in Fighting
 16211 | Gauntlet | Reached XP level 14. HP: 26/79 MP: 18/25
 16219 | Gauntlet | Identified the ring of Otohunn {rPois rF+ rC+ AC+4}
 16627 | Lair:5   | Reached skill level 10 in Evocations
 16672 | Lair:5   | Noticed Nessos
 16693 | Lair:5   | Killed Nessos
 16832 | Lair:5   | Noticed Snorg
 16835 | Lair:5   | Killed Snorg
 16940 | Lair:5   | Found a large runed translucent door.
 16940 | Lair:5   | Found a large runed translucent door.
 17095 | Lair:1   | Bought the +8 lance "Wyrmbane" {slay drac, rPois rF+ rC+
                  | AC+3} for 2424 gold pieces
 17095 | Lair:1   | Found the +8 lance "Wyrmbane" {slay drac, rPois rF+ rC+
                  | AC+3}
 17580 | Lair:5   | Reached skill level 1 in Polearms
 17788 | Lair:5   | Identified the +7 quick blade "Elate Nuiqe" {holy, Dex+3}
 18093 | D:11     | Noticed Erolcha
 18103 | D:11     | Killed Erolcha
 18424 | D:11     | Reached skill level 5 in Polearms
 19452 | D:12     | Reached XP level 15. HP: 83/83 MP: 23/27
 20388 | D:14     | Found a white marble altar of Elyvilon.
 20438 | D:14     | Found a portal to a secret trove of treasure.
 20674 | D:14     | Reached skill level 10 in Polearms
 21225 | D:14     | Found a stormy altar of Qazlal.
 21395 | D:14     | Found a gate to the Vaults.
 21514 | D:15     | Entered Level 15 of the Dungeon
 21871 | D:15     | Found an iron altar of Okawaru.
 21960 | D:15     | Found a staircase to the Depths.
 22103 | D:15     | Reached skill level 15 in Stealth
 22484 | D:15     | Reached skill level 5 in Dodging
 22806 | Orc:1    | Entered Level 1 of the Orcish Mines
 22813 | Orc:1    | Noticed an orc warlord
 22845 | Orc:1    | Killed an orc warlord
 22923 | Orc:1    | Reached XP level 16. HP: 88/88 MP: 28/28
 22962 | Orc:1    | Reached skill level 5 in Armour
 22992 | Orc:1    | Reached skill level 12 in Fighting
 23244 | Orc:2    | Entered Level 2 of the Orcish Mines
 23669 | Orc:2    | Found Lur Doer's Antique Weapon Boutique.
 23797 | Orc:2    | Found Tukirom's Jewellery Emporium.
 23807 | Orc:2    | Found Byxtiga's Distillery.
 23809 | Orc:2    | Found Bacomm's Assorted Antiques.
 23815 | Orc:2    | Bought a potion of curing for 45 gold pieces
 23815 | Orc:2    | Bought a potion of curing for 45 gold pieces
 23815 | Orc:2    | Bought a potion of magic for 120 gold pieces
 23815 | Orc:2    | Bought a potion of might for 60 gold pieces
 23815 | Orc:2    | Bought a potion of enlightenment for 75 gold pieces
 23818 | Orc:2    | Bought a wand of charming (3) for 216 gold pieces
 23818 | Orc:2    | Bought a wand of light (7) for 882 gold pieces
 23818 | Orc:2    | Bought a wooden wand for 120 gold pieces
 24012 | Orc:2    | Found a staircase to the Elven Halls.
 24291 | Orc:2    | Bought a scroll of blinking for 150 gold pieces
 24291 | Orc:2    | Bought a scroll of blinking for 150 gold pieces
 24291 | Orc:2    | Bought a scroll of fear for 80 gold pieces
 24291 | Orc:2    | Bought a scroll of teleportation for 60 gold pieces
 24291 | Orc:2    | Bought a scroll of vulnerability for 80 gold pieces
 24506 | Snake:1  | Entered Level 1 of the Snake Pit
 24743 | Snake:1  | Noticed a nagaraja
 24766 | Snake:1  | Killed a nagaraja
 25037 | Snake:1  | Reached skill level 13 in Fighting
 25682 | Snake:2  | Reached XP level 17. HP: 93/95 MP: 24/31
 25821 | Snake:2  | Identified the staff of the Ghost {Str+2 Conj}
 26908 | Snake:3  | Reached skill level 14 in Fighting
 27763 | Snake:3  | Noticed Vashnia
 27767 | Snake:3  | Reached skill level 10 in Spellcasting
 27800 | Snake:3  | Killed Vashnia
 28069 | Snake:3  | Identified the +11 falchion of the Hairy God {pain, rF-
                  | rC++ Str+2 Dex+4}
 28731 | Snake:4  | Entered Level 4 of the Snake Pit
 28858 | Snake:4  | Reached XP level 18. HP: 88/102 MP: 33/33
 29928 | Snake:4  | Reached skill level 15 in Fighting
 30713 | Snake:4  | Got a serpentine rune of Zot
 30717 | Snake:4  | Bought the amulet of Byuvo {Reflect rElec Regen+ Str+4
                  | Int-2 SH+5} for 771 gold pieces
 30907 | Shoals:1 | Entered Level 1 of the Shoals
 31161 | Shoals:1 | Identified the scarf of Circular Logic {rC+ rF+, Harm Fly
                  | rPois Dex-5}
 31293 | Shoals:1 | Noticed Jorgrun
 31317 | Shoals:1 | Killed Jorgrun
 31369 | Shoals:1 | Found Ymureno's One-of-a-Kind Rings.
 31811 | Shoals:2 | Noticed Polyphemus
 32142 | Shoals:2 | Killed Polyphemus
 32231 | Shoals:2 | Noticed Dirtsage's ghost (adept DsBe)
 32336 | Shoals:2 | Reached XP level 19. HP: 109/109 MP: 35/35
 32382 | Shoals:2 | Identified the ring of Gaoked {+Blink rC+ Dex+2}
 32385 | Shoals:2 | Found a transporter.
 32388 | Shoals:2 | Found a transporter.
 32392 | Shoals:2 | Found a bloodstained altar of Trog.
 32397 | Shoals:2 | Noticed Kirke
 32426 | Shoals:2 | Killed Kirke
 32659 | Shoals:3 | Noticed Bai Suzhen
 32688 | Shoals:3 | Killed Bai Suzhen
 32735 | Shoals:3 | Reached skill level 16 in Fighting
 33791 | Shoals:4 | Entered Level 4 of the Shoals
 33791 | Shoals:4 | Found a shimmering blue altar of Sif Muna.
 34053 | Shoals:4 | Paralysed by an air elemental for 1 turns
 34064 | Shoals:4 | Paralysed by an air elemental for 1 turns
 34144 | Shoals:4 | Paralysed by an air elemental for 1 turns
 34302 | Shoals:4 | Paralysed by an air elemental for 1 turns
 34452 | Shoals:4 | Paralysed by an air elemental for 1 turns
 34478 | Shoals:4 | Paralysed by an air elemental for 1 turns
 34629 | Shoals:4 | Found a radiant altar of Vehumet.
 34793 | Shoals:4 | Got a barnacled rune of Zot
 35051 | Shoals:4 | Found a radiant altar of Vehumet.
 35227 | Shoals:4 | Found a shimmering blue altar of Sif Muna.
 35349 | Lair:3   | Bought a pair of embroidered boots for 232 gold pieces
 35354 | Lair:3   | Bought a masterwork scale mail for 279 gold pieces
 35354 | Lair:3   | Identified the +6 scale mail of the Histrionic God {Str+5}
                  | (You bought it in a shop on level 3 of the Lair of Beasts)
 35395 | Lair:3   | Bought a masterwork leather armour for 217 gold pieces
 35395 | Lair:3   | Identified the +0 leather armour "Earthly Heaven" {Drain
                  | Int+5} (You bought it in a shop on level 3 of the Lair of
                  | Beasts)
 35636 | Orc:2    | Bought a brightly glowing rapier for 279 gold pieces
 35636 | Orc:2    | Identified the +7 rapier "Pendulum" {heavy, rCorr} (You
                  | bought it in a shop on level 2 of the Orcish Mines)
 35637 | Orc:2    | Bought an ivory dagger for 217 gold pieces
 35637 | Orc:2    | Identified the +3 dagger of the Tundras {pain, rPois Int+3}
                  | (You bought it in a shop on level 2 of the Orcish Mines)
 35810 | Vaults:1 | Entered Level 1 of the Vaults
 35894 | Vaults:1 | Found Myweil Daemy's Assorted Antiques.
 35902 | Vaults:1 | Bought a glowing kite shield for 165 gold pieces
 35928 | Vaults:1 | Bought a potion of curing for 66 gold pieces
 35928 | Vaults:1 | Bought a scroll of fog for 88 gold pieces
 35928 | Vaults:1 | Bought a wand of roots (3) for 158 gold pieces
 36132 | Vaults:1 | Reached skill level 1 in Shields
 36557 | Vaults:1 | Identified the +1 ring mail of Uvapidoafu {Fly rF+ Int+3
                  | Stlth+}
 36656 | Vaults:1 | Reached XP level 20. HP: 116/116 MP: 37/37
 36843 | Vaults:1 | Reached skill level 17 in Fighting
 37050 | Vaults:1 | Reached skill level 5 in Shields
 38841 | Vaults:2 | Noticed a caustic shrike
 38855 | Vaults:2 | Found a transporter.
 38870 | Vaults:2 | Noticed an iron giant
 38870 | Vaults:2 | an iron giant changed into an iron dragon
 38872 | Vaults:2 | Found a transporter.
 38872 | Vaults:2 | an acid blob changed into a caustic shrike
 38872 | Vaults:2 | Noticed a caustic shrike (glowing shapeshifter)
 39284 | Depths:1 | Entered Level 1 of the Depths
 39597 | Depths:1 | Got a strange book
 39639 | Depths:1 | Reached XP level 21. HP: 91/123 MP: 38/38
 40474 | Depths:1 | Found a shimmering blue altar of Sif Muna.
 40503 | Depths:1 | Identified the +9 demon whip "Tymacome" {elec, Stlth+}
 40565 | Depths:1 | Found a gateway to Hell.
 40575 | Depths:1 | Reached skill level 10 in Shields
 40716 | Depths:1 | Bought a potion of curing for 57 gold pieces
 40716 | Depths:1 | Bought a potion of haste for 190 gold pieces
 40716 | Depths:1 | Bought 2 potions of berserk rage for 190 gold pieces
 40810 | Depths:2 | Reached skill level 18 in Fighting
 41023 | Depths:2 | Found a one-way gate leading to the halls of Pandemonium.
 41173 | Depths:2 | Reached skill level 15 in Evocations
 41970 | Depths:3 | Noticed a golden dragon
 41979 | Depths:3 | Killed a golden dragon
 42238 | Depths:3 | Reached skill level 10 in Dodging
 42259 | Depths:3 | Noticed Vv
 42328 | Depths:3 | Killed Vv
 42329 | Depths:3 | Reached skill level 10 in Armour
 42437 | Depths:3 | Reached XP level 22. HP: 127/129 MP: 39/39
 42443 | Depths:3 | Found a one-way gate to the infinite horrors of the Abyss.
 42875 | Depths:3 | Identified the -1 pair of gloves "Hadwualu" {Harm rF+
                  | Str+3}
 43023 | Depths:4 | Entered Level 4 of the Depths
 43235 | Depths:4 | Found Hohafity's Changing Room.
 43464 | Depths:4 | Noticed a golden dragon
 43477 | Depths:4 | Killed a golden dragon
 43519 | Depths:4 | Found a gate to the Realm of Zot.
 43768 | Depths:4 | Found a glowing silver altar of Zin.
 43936 | Depths:4 | Noticed a golden dragon
 43951 | Depths:4 | Killed a golden dragon
 44100 | Depths:4 | Identified a scroll of acquirement
 44101 | Depths:4 | Acquired 1125 gold pieces
 44148 | Depths:4 | Found a one-way gateway to a ziggurat.
 44230 | Depths:4 | Found a sacrificial altar of Ru.
 44616 | Elf:1    | Entered Level 1 of the Elven Halls
 44623 | Elf:1    | Bought a scroll of fog for 80 gold pieces
 44623 | Elf:1    | Bought a scroll of fog for 80 gold pieces
 44623 | Elf:1    | Bought a scroll of vulnerability for 80 gold pieces
 44625 | Elf:1    | Bought the +0 pair of gloves of the World {rElec rC+ Dex+4}
                  | for 610 gold pieces
 44915 | Elf:1    | Noticed Nikola
 44930 | Elf:1    | Killed Nikola
 45649 | Elf:2    | Paralysed by an air elemental for 1 turns
 45821 | Elf:2    | Found a runed translucent gate.
 45821 | Elf:2    | Found a runed translucent gate.
 45826 | Elf:2    | Found a runed translucent gate.
 45920 | Elf:2    | Reached skill level 19 in Fighting
 45920 | Elf:2    | Reached XP level 23. HP: 135/135 MP: 36/40
 46322 | Elf:3    | Entered Level 3 of the Elven Halls
 46527 | Elf:3    | Found Zixajuph's Distillery.
 46536 | Elf:3    | Bought a potion of curing for 48 gold pieces
 46536 | Elf:3    | Bought a potion of resistance for 160 gold pieces
 46536 | Elf:3    | Bought a potion of haste for 160 gold pieces
 46536 | Elf:3    | Bought 2 potions of invisibility for 256 gold pieces
 46536 | Elf:3    | Bought a potion of cancellation for 128 gold pieces
 47256 | Elf:3    | Identified the +9 trident "Egatidui" {heavy, rC++ Will+}
 47256 | Elf:3    | Identified the ring of Amim {Fly Will+ EV+5 Slay+3}
 47317 | Elf:3    | Identified the +2 scale mail "Upefe" {*Corrode Will+
                  | Stlth+}
 47337 | Elf:3    | Identified the +5 mace of Noxzit {speed, rC+ Int+2 Dex+3}
 47360 | Elf:3    | Got a thrumming book
 47369 | Elf:3    | Got a moldy book
 47855 | Elf:3    | Found Zixajuph's Distillery.
 48440 | Vaults:2 | Reached skill level 15 in Shields
 48515 | Vaults:2 | Identified the +1 cloak of Muoteelyat {Drain Str+4 SInv}
 48532 | Vaults:2 | Identified the staff of the Empty Page {Str+3 Dex+2 Conj}
 48745 | Vaults:3 | Found Isien's Armour Shop.
 48759 | Vaults:3 | Bought the +0 pair of boots of Gasala {Rampage Drain Dex+2}
                  | for 161 gold pieces
 49070 | Vaults:3 | Found a staircase to the Crypt.
 49106 | Crypt:1  | Entered Level 1 of the Crypt
 49442 | Crypt:1  | Reached XP level 24. HP: 141/141 MP: 40/40
 50182 | Crypt:2  | Found a magical portal.
 50191 | WizLab   | Entered Zonguldrok's Shrine
 50433 | WizLab   | Noticed an antique lich
 50445 | WizLab   | Killed an antique lich
 50451 | WizLab   | Found the +9 sword of Zonguldrok {reap}
 50458 | WizLab   | Got a colourful book
 50543 | Crypt:2  | Bought a scroll of revelation for 142 gold pieces
 50543 | Crypt:2  | Bought a scroll of fear for 76 gold pieces
 50543 | Crypt:2  | Bought a scroll of teleportation for 57 gold pieces
 50543 | Crypt:2  | Bought a scroll of fear for 76 gold pieces
 50543 | Crypt:2  | Bought a scroll of fog for 76 gold pieces
 50622 | Crypt:1  | Found an ancient bone altar of Kikubaaqudgha.
 51167 | Crypt:2  | Noticed Saint Roka
 51196 | Crypt:2  | Killed Saint Roka
 51674 | Crypt:2  | Bought a scroll of acquirement for 988 gold pieces
 51674 | Crypt:2  | Acquired 623 gold pieces
 51723 | Crypt:3  | Entered Level 3 of the Crypt
 51735 | Crypt:3  | Noticed Frederick
 51749 | Crypt:3  | Killed Frederick
 52036 | Crypt:3  | Noticed Xtahua
 52050 | Crypt:3  | Killed Xtahua
 52051 | Crypt:3  | Reached skill level 20 in Fighting
 52172 | Crypt:3  | Acquired 1050 gold pieces
 52424 | Crypt:3  | Got a grimy book
 52636 | Crypt:3  | Got a foxed book
 52792 | Crypt:3  | Found a staircase to the Tomb.
 52913 | Crypt:3  | Reached XP level 25. HP: 147/147 MP: 40/40
 53594 | Vaults:3 | Noticed Mennas
 53631 | Vaults:3 | Killed Mennas
 53892 | Vaults:3 | Noticed Margery
 53910 | Vaults:3 | Killed Margery
 54026 | Vaults:3 | Noticed Jory
 54537 | Vaults:4 | Killed Jory
 54675 | Vaults:4 | Noticed Boris
 54694 | Vaults:4 | Killed Boris
 55772 | Shoals:2 | Killed Dirtsage's ghost
 56231 | Depths:3 | Voluntarily entered the Abyss.
 56268 | Abyss:1  | Found a corrupted altar of Lugonu.
 56746 | Abyss:2  | Found a corrupted altar of Lugonu.
 57051 | Abyss:3  | Reached skill level 21 in Fighting
 57098 | Abyss:3  | Got an abyssal rune of Zot
 57155 | Depths:3 | Escaped the Abyss
 57399 | D:14     | You showed the abyssal rune of Zot to enter a treasure
                  | trove
 57400 | Trove    | Entered a treasure trove
 57465 | D:14     | Bought a faintly glowing plate armour for 1372 gold pieces
 57465 | D:14     | Identified the +8 plate armour of Lydocrou {-Cast Will+
                  | SInv} (You bought it in a shop on level 14 of the Dungeon)
 57774 | Slime:1  | Entered Level 1 of the Pits of Slime
 57837 | Slime:4  | Reached XP level 26. HP: 155/155 MP: 40/41
 57961 | Slime:5  | Entered Level 5 of the Pits of Slime
 58305 | Slime:5  | Noticed the Royal Jelly
 58318 | Slime:5  | Killed the Royal Jelly
 58459 | Slime:5  | Gained mutation: You occasionally lose the ability to read
                  | scrolls when taking damage. [a shining eye]
 58513 | Slime:5  | Gained mutation: You occasionally shout uncontrollably at
                  | your foes. [a shining eye]
 58529 | Slime:5  | Found the +27 heavy crossbow "Sniper" {heavy, Acc+∞ SInv}
 58591 | Slime:5  | Identified the ring "Mezaody" {rElec Will+ Dex+4}
 58594 | Slime:5  | Identified the amulet "Yxzipt" {Faith Contam rC- rCorr
                  | Dex+8}
 58607 | Slime:5  | Identified the orb of Orthodoxy {light, Regen+ Str+4
                  | Slay+2}
 58633 | Slime:5  | Identified the +3 great sword "Gerewum" {speed, *Corrode
                  | rF++ MP+9}
 58657 | Slime:5  | Got a slimy rune of Zot
 58917 | Slime:5  | Identified the orb of Jeosov {*channel, Regen+}
 59438 | Lair:4   | Lost mutation: You occasionally shout uncontrollably at
                  | your foes. [potion of mutation]
 59438 | Lair:4   | Lost mutation: You occasionally lose the ability to read
                  | scrolls when taking damage. [potion of mutation]
 59438 | Lair:4   | Gained mutation: Your movements are slightly less
                  | encumbered by armour. (ER -2) [potion of mutation]
 59907 | Vaults:5 | Entered Level 5 of the Vaults
 59963 | Vaults:5 | Found Qefeq's Magic Scroll Shop.
 59982 | Vaults:5 | Bought a scroll of fog for 68 gold pieces
 59982 | Vaults:5 | Bought a scroll of blinking for 127 gold pieces
 59982 | Vaults:5 | Bought a scroll of revelation for 127 gold pieces
 59982 | Vaults:5 | Bought a scroll of fog for 68 gold pieces
 59982 | Vaults:5 | Bought a scroll of fog for 68 gold pieces
 60125 | Vaults:5 | Noticed an ancient lich
 60141 | Vaults:5 | Noticed an ancient lich
 60159 | Vaults:5 | Killed an ancient lich
 60163 | Vaults:5 | Killed an ancient lich
 60223 | Vaults:5 | Identified the amulet of the Middle {rPois Regen+ rCorr}
 60276 | Vaults:5 | Reached XP level 27. HP: 133/160 MP: 42/42
 60285 | Vaults:5 | Reached skill level 22 in Fighting
 60452 | Vaults:5 | Noticed an ancient lich
 60467 | Vaults:5 | Killed an ancient lich
 60527 | Vaults:5 | Got a silver rune of Zot
 60643 | Vaults:5 | Identified the ring "Robb" {Will++ Dex+6 SInv}
 60699 | Vaults:5 | Got a rare book
 60705 | Vaults:5 | Identified the +1 long sword of Experimentation {drain,
                  | Str-5 Int+4}
 60946 | Vaults:5 | Identified the +0 robe of Lamoiw {+Inv rElec Dex-2
                  | Archmagi}
 60949 | Vaults:5 | Identified the +3 rapier "Ysuem" {flame, rElec Int+4 Dex+3}
 61102 | Vaults:5 | Identified the +5 shortbow of Sunlight {heavy, rN+ Str+5
                  | SInv}
 61342 | Vaults:5 | Found the +5 Lochaber axe {reach-cleave, Poleaxe Drain}
 61457 | Vaults:5 | Found Qefeq's Magic Scroll Shop.
 62596 | Zot:1    | Entered Level 1 of the Realm of Zot
 62613 | Zot:2    | Noticed Parghit
 62627 | Zot:2    | Killed Parghit
 62725 | Zot:2    | Noticed an orb of fire
 62748 | Zot:2    | Killed an orb of fire
 62968 | Zot:5    | Entered Level 5 of the Realm of Zot
 63468 | Zot:5    | Noticed a dread lich
 63475 | Zot:5    | Killed a dread lich
 63489 | Zot:5    | Noticed an orb of fire
 63495 | Zot:5    | Noticed an orb of fire
 63507 | Zot:5    | Killed an orb of fire
 63546 | Zot:5    | Gained mutation: You passively dampen the noise of your
                  | surroundings. [an orb of fire]
 63547 | Zot:5    | Killed an orb of fire
 63559 | Zot:5    | Noticed an orb of fire
 63565 | Zot:5    | Gained mutation: You are weak. (Str -2) [an orb of fire]
 63567 | Zot:5    | Noticed a dread lich
 63568 | Zot:5    | Noticed an ancient lich
 63568 | Zot:5    | Gained mutation: You are clumsy. (Dex -2) [an orb of fire]
 63576 | Zot:5    | Killed an orb of fire
 63578 | Zot:5    | Gained mutation: Your magical capacity is low. (-10% MP)
                  | [mutagenic glow]
 63589 | Zot:5    | Noticed a dread lich
 63589 | Zot:5    | Noticed an ancient lich
 63589 | Zot:5    | Noticed an ancient lich
 63589 | Zot:5    | Noticed an ancient lich
 63594 | Zot:5    | Reached skill level 15 in Armour
 63596 | Zot:5    | Reached skill level 15 in Dodging
 63597 | Zot:5    | Noticed a dread lich
 63598 | Zot:5    | Killed a dread lich
 63607 | Zot:5    | Gained mutation: Your magical capacity is very low. (-20%
                  | MP) [mutagenic glow]
 63610 | Zot:5    | Noticed an orb of fire
 63626 | Zot:5    | Killed a dread lich
 63631 | Zot:5    | Gained mutation: Your spells are a little easier to cast,
                  | but a little less powerful. [mutagenic glow]
 63658 | Zot:5    | Killed an ancient lich
 63670 | Zot:5    | Killed an ancient lich
 63678 | Zot:5    | Killed an ancient lich
 63684 | Zot:5    | Killed an ancient lich
 63685 | Zot:5    | Reached skill level 15 in Spellcasting
 63757 | Zot:5    | Killed a dread lich
 63767 | Zot:5    | Noticed a dread lich
 63779 | Zot:5    | Reached skill level 23 in Fighting
 63784 | Zot:5    | Killed a dread lich
 63915 | Zot:5    | Killed an orb of fire
 64608 | Zot:5    | Got the Orb of Zot
 64899 | D:15     | Noticed Lymip the pandemonium lord
 64915 | D:15     | Killed Lymip the pandemonium lord
 65385 | D:$      | Escaped with the Orb!

Illustrated notes

Levels and vault maps discovered:
D:1:      evilmike_arrival_hilbert_curve, layout_basic
D:2:      layout_basic, basic_altar, minmay_pentomino_q4, uniq_sigmund,
          uniq_jessica
D:3:      layout_basic, gup_sewer_entry_spiral, uniq_terence
D:4:      layout_rooms, temple_doors_e
D:5:      layout_loops_ring
D:6:      hellmonk_ruined_rings, layout_loops_ring, serial_shops, shop,
          dreamdust_gnoll_farm, uniq_duvessa
D:7:      layout_rooms, mainiacjoe_overflow_alcove_2, enter_bailey_5,
          serial_shops, nicolae_shop_real_fake_doors, minmay_shop_chei,
          uniq_menkaure, uniq_prince_ribbit1
D:8:      layout_basic, hellmonk_lair_entry_icy
D:9:      layout_basic, kennysheep_doodads, minmay_door_square
D:10:     layout_basic, hiddenorc2_lemuel, hangedman_feature_mirror,
          bh_walls_and_bars
D:11:     minmay_cut_squares, layout_loops_ring, minmay_joined_circles,
          uniq_erolcha
D:12:     layout_cave_pools, serial_glass, glass_columns_a, glass_columns_c,
          glass_columns_a, glass_columns_b, glass_columns_b, glass_columns_a,
          glass_columns_b, glass_columns_c, glass_columns_a, glass_columns_b,
          glass_columns_a, glass_columns_c, glass_columns_a, glass_columns_b
D:13:     layout_gridville
D:14:     layout_basic, david_vaults_1, special_room
          [special_room_mythical_zoo], enter_trove_0, grunt_qazlal_clouds,
          elyvilon_altar_3
D:15:     hellmonk_depths_entry_around_the_bend, layout_basic,
          nicolae_triple_integral, okawaru_altar_gauntlet_db
Temple:   mainiacjoe_temple_trianglar_array
Lair:1:   layout_cave_pods, serial_bayou_shore_b, uniq_urug
Lair:2:   layout_cave_pods, dummy_snake_entry, infiniplex_staircase_pool_2
Lair:3:   layout_regular_city, shoals_dummy_entry, beast_lair_carwin_9
Lair:4:   regret_index_wax_grids, layout_loops_ring, slime_entry_1,
          serial_bayou_shore_b
Lair:5:   cheibrodos_lair_end_hotspot, layout_long_grid, gauntlet_entry_generic,
          uniq_snorg, uniq_nessos
Shoals:1: layout_shoals, nicolae_shop_unique_rings, uniq_jorgrun
Shoals:2: layout_shoals, gammafunk_ghost_wrathful_warriors, uniq_polyphemus,
          uniq_kirke
Shoals:3: nicolae_shoals_aurelia_aurita, layout_shoals, kb_tengu_band,
          uniq_bai_suzhen
Shoals:4: shoals_end_hellmonk_storm_palace [storm_palace_center_ruins,
          storm_palace_corner_pillars, storm_palace_corner_reverse_hut,
          storm_palace_corner_altar, storm_palace_corner_altar]
Snake:1:  layout_rooms, serial_bayou_shore_a, lemuel_fruit_tree
Snake:2:  layout_basic, serial_bayou_shore_b, grunt_megastairs_5
Snake:3:  nicolae_sea_snake_s, layout_layer_cave, uniq_vashnia
Snake:4:  grunt_snake_rune_serpentine_throne, layout_concentric_octagons,
          nicolae_snake_snake_lake
Slime:1:  layout_caves, basic_altar, cheibrodos_slime_lost_civilization_7
Slime:2:  cheibrodos_slime_lost_civilization_1, layout_caves
Slime:3:  layout_caves
Slime:4:  layout_caves, cheibrodos_slime_lost_civilization_6
Slime:5:  slime_pit_nicolae_block_by_block
Orc:1:    layout_diamond_mine, special_room [special_room_orc], abandoned_shop
Orc:2:    st_orc_elflike, layout_diamond_mine
Elf:1:    layout_geoelf_octagon, minmay_elf_crystal_hexagon, uniq_nikola
Elf:2:    nicolae_elf_blades_splatter_lattice
          [nicolae_vaults_blade_armed_guards], layout_geoelf_octagon,
          grunt_megastairs_2, lemuel_elevator
Elf:3:    minmay_elf_hall_circle, layout_geoelf_diagonals, serial_shops, shop
Vaults:1: nicolae_vaults_trapezoid_lopsided_3, nicolae_vaults_storage_closets_3,
          nicolae_vaults_mitosis, v_pattern_3, nicolae_vaults_house_3,
          nicolae_vaults_heist, nicolae_vaults_little_squares_5,
          layout_vaults_quadrants, serial_shops, nicolae_shop_overgrown_old_shop
Vaults:2: gammafunk_the_bubble [the_bubble_gammafunk_grid],
          nicolae_vaults_sightless_eye, nicolae_vaults_closet_pinwheel_3,
          nicolae_vaults_steering_wheel, hangedman_vaults_nails,
          dpeg_vaults_monster_box, hangedman_vaults_capsules,
          ontoclasm_vaults_idyll, nicolae_vaults_trapezoid_lopsided_1,
          nicolae_vaults_storage_room_statues, nicolae_vaults_trapezoid_1,
          layout_vaults_chaotic_city
Vaults:3: minmay_crypt_entry_vampire_xt, vaults_room_ringed_pool,
          hangedman_vaults_trim, nicolae_vaults_layer_cake_slice,
          hangedman_vaults_maws, v_misc_17, nicolae_vaults_c_with_doors,
          v_misc_24, v_misc_3, nicolae_vaults_double_plus_2,
          ontoclasm_vaults_shuriken, layout_vaults_omnibox, serial_shops, shop,
          uniq_margery, uniq_jory, uniq_mennas
Vaults:4: nicolae_vaults_whirlpool_walls, ontoclasm_vaults_loading_screen,
          nicolae_vaults_sesquioval_fish, nicolae_vaults_closet_pinwheel_4,
          nicolae_vaults_storage_closets_2, nicolae_vaults_asterisk,
          hangedman_vaults_snaps, nicolae_vaults_tangram_2,
          nicolae_vaults_cochlea, nicolae_vaults_tetromino_L_2, v_misc_29,
          layout_vaults_maze_snakey, uniq_boris
Vaults:5: serial_shops
Crypt:1:  layout_chaotic_city, grunt_megastairs_3, lemuel_upstairs_altar
Crypt:2:  layout_catacombs, mu_enter_wizlab_5, tombwall_bobbens, uniq_saint_roka
Crypt:3:  due_elkab, layout_chaotic_city, uniq_frederick, uniq_xtahua
Depths:1: layout_roguey, hellmouth_1, serial_bayou, serial_bayou_pond_b,
          serial_bayou_crossing, serial_bayou_lake_a, serial_bayou_pond_e,
          serial_bayou_pond_b, led_sif_pool, moated_statue, dispersion_dpeg
Depths:2: nicolae_BIG_FREAKIN_CUBE, layout_cave_shapes, hell_entry, pan_entry,
          minivault_14, infiniplex_staircase_zigzag_3
Depths:3: hangedman_crystal_crosses_colossus [crystal_crosses_arms_four,
          crystal_crosses_arms_two, crystal_crosses_arms_two,
          crystal_crosses_arms_one], serial_shops, hell_entry, abyss_entry,
          uniq_vv
Depths:4: grunt_zot_entry_pinwheel, layout_long_grid, enter_ziggurat_b,
          pan_entry, grunt_hell_entry_dis_grunt, nicolae_ru_awakened_eye,
          abyss_entry_glasseish, nicolae_transmutations_shop, zin_scriptorium,
          serial_bayou_shore_b
Zot:1:    layout_onion
Zot:2:    layout_twisted_circle, uniq_parghit
Zot:3:    layout_gridlike
Zot:4:    layout_basic, guppyfry_library_mini
Zot:5:    layout_gridlike, st_stairs_13, skrybe_zot_glass_3

Skill      XL: |  1  2  3  4  5  6  7  8  9 10 11 12 13 14 15 16 17 18 19 20 21 22 23 24 25 26 27 |
---------------+----------------------------------------------------------------------------------+-----
Fighting       | 2 3 4 5 6 8 9 11 13 14 15 16 17 18 19 20 21 23 | 23.2
Short Blades   | 2 3 4 6 7 9 10 | 10.0
Stealth        | 5 6 7 8 9 10 12 13 14 15 | 15.0
Evocations     | 1 2 4 5 6 8 9 10 11 12 13 14 15 16 17 19 | 19.2
Spellcasting   | 2 4 5 7 9 10 11 12 13 14 15 | 15.3
Dodging        | 2 4 5 6 7 8 9 10 11 12 13 14 15 | 15.4
Armour         | 2 4 6 7 8 9 10 11 12 13 14 15 | 15.4
Polearms       | 7 12 | 12.0
Shields        | 3 8 11 13 16 19 20 | 20.9
Throwing       | |  1.7

Action                     |  1- 3 |  4- 6 |  7- 9 | 10-12 | 13-15 | 16-18 | 19-21 | 22-24 | 25-27 || total
---------------------------+-------+-------+-------+-------+-------+-------+-------+-------+-------++-------
  Melee: Dagger            |    47 |   164 |   390 |   880 |   861 |     9 |    21 |       |       ||  2372
         Bite              |    12 |    28 |   169 |   400 |   705 |   701 |  1093 |  1037 |   907 ||  5052
         Punch             |       |     2 |     5 |    16 |    23 |    27 |    12 |       |       ||    85
         Short sword       |       |       |    67 |       |       |       |       |       |       ||    67
         Lance             |       |       |       |       |   861 |  2330 |  2439 |  2270 |  1816 ||  9716
  Throw: Dart              |    26 |     8 |    23 |    10 |     8 |       |     2 |     1 |       ||    78
         Throwing net      |       |       |       |       |       |       |     1 |       |     1 ||     2
 Invoke: Call Merchant     |       |       |       |     1 |       |     3 |     2 |     3 |     2 ||    11
         Potion Petition   |       |       |       |       |     3 |     2 |       |       |     2 ||     7
         Bribe Branch      |       |       |       |       |       |       |       |       |     1 ||     1
  Evoke: Wand              |       |     2 |    12 |    16 |    19 |    33 |     5 |     4 |     4 ||    95
         Tin of tremorston |       |       |       |       |     3 |     8 |     6 |     3 |     7 ||    27
         Box of beasts     |       |       |       |       |     1 |     4 |       |       |     2 ||     7
         Phantom mirror    |       |       |       |       |     1 |     4 |       |       |     1 ||     6
         Lightning rod     |       |       |       |       |       |     5 |     3 |       |       ||     8
         Phial of floods   |       |       |       |       |       |       |     1 |       |       ||     1
    Use: Scroll            |       |     4 |     7 |    13 |     8 |     2 |     2 |     8 |    10 ||    54
         Potion            |       |       |     1 |       |     2 |     2 |     6 |       |    10 ||    21
   Stab: Sleeping          |     2 |    16 |     9 |    14 |    33 |    41 |    32 |    61 |    53 ||   261
         Distracted        |       |       |     3 |    12 |    20 |    25 |    21 |    37 |    51 ||   169
         Invisible         |       |       |       |       |     9 |     3 |     7 |       |       ||    19
         Petrifying        |       |       |       |       |       |     3 |       |       |       ||     3
         Held in net/web   |       |       |       |       |       |       |     2 |       |     2 ||     4
 Armour: Robe              |    18 |     7 |       |       |       |       |       |       |       ||    25
         Swamp dragon scal |       |   174 |   252 |   269 |   228 |       |       |       |       ||   923
         Shadow dragon sca |       |       |       |       |   661 |  1131 |   904 |   418 |   221 ||  3335
  Dodge: Dodged            |    25 |   122 |   179 |   185 |   498 |   593 |   844 |   472 |   290 ||  3208
  Block: Other             |       |       |       |       |    14 |    38 |    98 |       |       ||   150
         Reflection        |       |       |       |       |       |     1 |    37 |    51 |    23 ||   112
         Kite shield       |       |       |       |       |       |       |   770 |  1081 |   709 ||  2560

Table legend: (Time is in decaauts)
 A = Elapsed time spent in this place.
 B = Non-inter-level travel time spent in this place.
 C = Inter-level travel time spent in this place.
 D = Time resting spent in this place.
 E = Time spent auto-exploring this place.
 F = Levels seen in this place.
 G = Mean time per level.
                   A        B        C        D        E       F      G
               +--------+--------+--------+--------+--------+-----+--------+
         Total |  60131 |  52778 |   7353 |    550 |  36891 |  64 |  939.5 |
       Dungeon |  15968 |  13071 |   2897 |     84 |   9888 |  15 | 1064.5 |
        Temple |     89 |      6 |     83 |      0 |      0 |   1 |   89.0 |
          Lair |   6674 |   5502 |   1172 |      3 |   4100 |   5 | 1334.8 |
        Shoals |   4569 |   4353 |    216 |     38 |   2951 |   4 | 1142.2 |
     Snake Pit |   5586 |   5271 |    315 |     29 |   3612 |   4 | 1396.5 |
    Slime Pits |   1482 |   1469 |     13 |      0 |    925 |   5 |  296.4 |
  Orcish Mines |   1506 |   1180 |    326 |      0 |    774 |   2 |  753.0 |
   Elven Halls |   3232 |   3079 |    153 |    162 |   2116 |   3 | 1077.3 |
        Vaults |   8071 |   6987 |   1084 |      9 |   5215 |   5 | 1614.2 |
         Crypt |   3413 |   3139 |    274 |     23 |   2131 |   3 | 1137.7 |
        Depths |   5047 |   4402 |    645 |    125 |   2723 |   4 | 1261.8 |
           Zot |   1925 |   1756 |    169 |     48 |   1102 |   5 |  385.0 |
         Abyss |    829 |    829 |      0 |      0 |    526 |   3 |  276.3 |
         Trove |     59 |     59 |      0 |      0 |     42 |   1 |   59.0 |
         Sewer |    508 |    508 |      0 |      0 |    253 |   1 |  508.0 |
        Bailey |    441 |    441 |      0 |     27 |    142 |   1 |  441.0 |
        Wizlab |    307 |    307 |      0 |      0 |    164 |   1 |  307.0 |
      Gauntlet |    418 |    418 |      0 |      0 |    224 |   1 |  418.0 |
               +--------+--------+--------+--------+--------+-----+--------+

Top non-repeatable levels by time:
Vaults:5: 2153 daAuts
Vaults:2: 2086 daAuts
     D:3: 2066 daAuts
 Snake:4: 1733 daAuts
Vaults:1: 1653 daAuts
   Elf:3: 1612 daAuts
 Snake:3: 1599 daAuts
    D:14: 1545 daAuts
  Lair:4: 1531 daAuts
   Zot:5: 1492 daAuts
     D:9: 1489 daAuts
  Lair:1: 1478 daAuts
  Lair:3: 1420 daAuts
    D:15: 1418 daAuts
 Snake:2: 1385 daAuts
